Heat vs Senators

Created - Friday, January 02, 2015 at 23:34

Goals
1 2 3 T
Heat 0 1 1 2
Senators 0 0 1 1
Shots
1 2 3 T
Heat 4 21 7 32
Senators 3 9 8 20

1st period

No Goal

Penalties :
Frank Corrado (ABB) for Interference (Minor) at 1:10, Kenny Ryan (BIN) for Interference (Minor) at 13:53, David Broll (BIN) for Roughing (Minor) at 14:58

2nd period

1. Heat , Devante Smith-Pelly 13 (Frank Corrado) at 3:24 (PP)

Penalties :
David Broll (BIN) for Fighting (Major) at 1:20, Tim Erixon (ABB) for Fighting (Major) at 1:20, Tyler Biggs (BIN) for Tripping (Minor) at 3:00, Nicolas Deslauriers (ABB) for Roughing (Minor) at 4:58, Sven Baertschi (ABB) for Hooking (Minor) at 8:34, Greg Nemisz (BIN) for Roughing (Minor) at 12:26, Colton Orr (BIN) for Slashing (Minor) at 19:24

3rd period

2. Senators , Andrew MacWilliam 2 (Alex Petrovic, David Broll) at 7:02
3. Heat , Sven Baertschi 22 (Tim Erixon, Devante Smith-Pelly) at 16:07 (PP)

Penalties :
Jordan Caron (ABB) for Hooking (Minor) at 4:03, Greg Pateryn (BIN) for Hooking (Minor) at 14:10, Korbinian Holzer (BIN) for Tripping (Minor) at 19:50

Goalie Stats

Tomas Vokoun (ABB), 19 saves from 20 shots - (0.950), W, 10-10-6, 60:00 minutes
Jean-Francois Berube (BIN), 30 saves from 32 shots - (0.938), L, 22-9-6, 60:00 minutes

Players Stats for Heat

Player Name              G  A  P  +/- PIM S  H  SB GA TA FO     MP     PP MP  PK MP  
------------------------------------------------------------------------------------
Devante Smith-Pelly      1  1  2   0  0   4  1  0  4  0  1/2    16:05   4:54   0:00 
Filip Forsberg           0  0  0  -1  0   0  0  0  2  0  0/0     9:49   0:00   0:00 
Frank Corrado            0  1  1   0  2   2  1  0  1  1  0/0    22:48   4:47   3:22 
Jon Merrill              0  0  0   0  0   3  0  1  1  2  0/0    22:50   4:45   3:22 
Jordan Caron             0  0  0   0  2   0  1  0  0  2  0/0    11:12   0:00   3:10 
Lucas Lessio             0  0  0   0  0   0  1  0  1  0  1/1    11:32   0:00   4:24 
Marek Viedensky          0  0  0  -1  0   0  0  2  2  0  3/10   13:27   0:00   3:23 
Nicolas Deslauriers      0  0  0  -1  2   0  2  1  0  2  0/0    18:00   0:00   3:44 
Nikita Kucherov          0  0  0  -1  0   1  0  0  0  0  0/0     9:49   0:00   0:00 
Richard Panik            0  0  0   0  0   1  2  0  2  2  0/0    18:07   4:38   0:00 
Rickard Rakell           0  0  0   0  0   0  5  0  0  0  7/17   18:29   4:38   0:22 
Sergei Gonchar           0  0  0   0  0   8  1  1  1  0  0/0    24:43   4:47   4:34 
Stuart Percy             0  0  0  -1  0   0  2  1  1  1  0/0    14:29   0:00   0:50 
Sven Baertschi           1  0  1   0  2   4  2  0  1  1  0/0    16:33   4:54   0:00 
Taylor Beck              0  0  0   0  0   2  2  0  0  2  2/3    12:21   0:00   4:33 
Tim Erixon               0  1  1   0  5   0  1  0  0  2  0/0    17:17   4:45   0:09 
Tomas Fleischmann        0  0  0   0  0   4  1  1  5  2  0/0    18:07   4:38   0:00 
Victor Rask              0  0  0   0  0   3  0  0  0  0  9/13   16:30   4:54   0:00 

Players Stats for Senators

Player Name              G  A  P  +/- PIM S  H  SB GA TA FO     MP     PP MP  PK MP  
------------------------------------------------------------------------------------
Alex Petrovic            0  1  1   1  0   2  1  2  1  1  0/0    17:42   0:00   5:13 
Andrew MacWilliam        1  0  1   1  0   1  2  0  0  0  0/0    12:21   0:00   0:45 
Colton Orr               0  0  0   0  2   0  3  1  2  2  1/1    16:50   3:50   2:12 
Connor Murphy            0  0  0   0  0   1  2  1  2  1  0/0    19:39   5:15   0:42 
Daine Todd               0  0  0   0  0   0  3  0  0  1  0/1    16:43   4:06   0:00 
David Broll              0  1  1   1  7   0  1  2  2  0  0/0    13:03   0:00   1:04 
Emerson Etem             0  0  0   0  0   2  2  0  3  0  0/0    14:38   3:50   0:00 
Greg Nemisz              0  0  0   1  2   3  0  0  4  1  3/6    14:51   0:21   0:00 
Greg Pateryn             0  0  0   0  2   2  1  0  1  1  0/0    22:02   2:41   3:01 
Jesse Blacker            0  0  0   0  0   0  1  0  0  2  0/0    17:53   2:41   3:37 
Josh Leivo               0  0  0   0  0   3  2  1  3  2  4/11   22:48   4:06   6:35 
Kenny Ryan               0  0  0   0  2   0  1  0  0  0  0/0    10:12   0:00   2:00 
Korbinian Holzer         0  0  0   0  2   0  0  1  0  1  0/0    25:35   5:15   5:46 
Kyle Chipchura           0  0  0   0  0   1  0  0  0  0  8/12   21:55   3:29   4:37 
Martin St. Pierre        0  0  0   0  0   2  1  0  0  2  7/15   18:25   4:06   1:41 
Mike Brown               0  0  0   0  0   1  1  0  2  0  0/0     6:27   0:00   0:00 
Steve Eminger            0  0  0   0  0   2  0  0  0  0  0/0     4:46   0:00   0:00 
Tyler Biggs              0  0  0   1  2   0  0  1  1  0  0/0    13:36   0:00   0:00 

3 Stars

1 - Devante Smith-Pelly (ABB)
2 - Andrew MacWilliam (BIN)
3 - Tomas Vokoun (ABB)

Power Play

Heat - 2 on 7 Attempt(s) - 28.57%
Senators - 0 on 4 Attempt(s) - 0.00%

Penalty Kill

Heat - 4 on 4 Attempt(s) - 100.00% - Score 0 goal in Penalty Kill
Senators - 5 on 7 Attempt(s) - 71.43% - Score 0 goal in Penalty Kill

Team Stat

Heat - Hits : 22 - Faceoff Wins : 23 - Blocked Shots : 7 - Penalty Minutes : 13
Senators - Hits : 21 - Faceoff Wins : 23 - Blocked Shots : 9 - Penalty Minutes : 19

Official

Referees : Unknown
Linesman : Unknown

Game Notes

David Broll and Tim Erixon fight to a draw at 1:20 of 2nd period

Finance

Level 1 -- Attendance: 1535 (76.75%) -- Ticket Income $53,725
Level 2 -- Attendance: 677 (67.70%) -- Ticket Income $10,155
Total Attendance: 2212 (73.73%)
Total Ticket Income: $63,880
Other Income: $31,301
Total Income: $95,181

Heat

5 vs 5 Forward 
   Center                   Left Wing                Right Wing               Time % Phy DF OF 
 1 Rickard Rakell           Tomas Fleischmann        Richard Panik            35     1   2  2  
 2 Victor Rask              Sven Baertschi           Devante Smith-Pelly      30     1   2  2  
 3 Marek Viedensky          Filip Forsberg           Nikita Kucherov          25     1   2  2  
 4 Taylor Beck              Lucas Lessio             Jordan Caron             10     1   2  2  

5 vs 5 Defense 
   Defense                  Defense                                           Time % Phy DF OF 
 1 Sergei Gonchar           Frank Corrado                                     35     1   2  2  
 2 Jon Merrill              Tim Erixon                                        30     1   2  2  
 3 Nicolas Deslauriers      Stuart Percy                                      25     1   2  2  
 4 Sergei Gonchar           Jon Merrill                                       10     1   2  2  

PowerPlay Forward 
   Center                   Left Wing                Right Wing               Time % Phy DF OF 
 1 Rickard Rakell           Tomas Fleischmann        Richard Panik            50     1   2  2  
 2 Victor Rask              Sven Baertschi           Devante Smith-Pelly      50     1   2  2  

PowerPlay Defense
   Defense                  Defense                                           Time % Phy DF OF 
 1 Sergei Gonchar           Frank Corrado                                     50     1   2  2  
 2 Jon Merrill              Tim Erixon                                        50     1   2  2  

Penalty Kill 4 Players Forward 
   Center                   Wing                     Time % Phy DF OF 
 1 Taylor Beck              Jordan Caron             50     1   2  2  
 2 Marek Viedensky          Lucas Lessio             50     1   2  2  

Penalty Kill 4 Players Defense
   Defense                  Defense                  Time % Phy DF OF 
 1 Sergei Gonchar           Nicolas Deslauriers      50     1   2  2  
 2 Jon Merrill              Frank Corrado            50     1   2  2  

Penalty Kill - 3 Players Forward 
   Forward                                           Time % Phy DF OF 
 1 Marek Viedensky                                   50     1   2  2  
 2 Taylor Beck                                       50     1   2  2  

Penalty Kill - 3 Players Defense
   Defense                  Defense                  Time % Phy DF OF 
 1 Tim Erixon               Frank Corrado            50     1   2  2  
 2 Jon Merrill              Sergei Gonchar           50     1   2  2  

4 vs 4 Forward 
   Center                   Wing                     Time % Phy DF OF 
 1 Rickard Rakell           Tomas Fleischmann        50     1   2  2  
 2 Victor Rask              Devante Smith-Pelly      50     1   2  2  

4 vs 4 Defense
   Defense                  Defense                  Time % Phy DF OF 
 1 Sergei Gonchar           Nicolas Deslauriers      50     1   2  2  
 2 Jon Merrill              Tim Erixon               50     1   2  2  

Last Minutes Offensive
   Center                   Left Wing                Right Wing               Defense                  Defense                  
   Rickard Rakell           Tomas Fleischmann        Richard Panik            Sergei Gonchar           Tim Erixon               

Last Minutes Defensive
   Center                   Left Wing                Right Wing               Defense                  Defense                  
   Victor Rask              Jordan Caron             Taylor Beck              Jon Merrill              Frank Corrado            

Goaltenders
Starting : Tomas Vokoun             
Backup : Eddie Pasquale           

Extra Forwards
Normal : Sven Baertschi, Taylor Beck, Lucas Lessio - PP : Sven Baertschi, Taylor Beck - PK : Lucas Lessio
Extra Defensemen
Normal : Nicolas Deslauriers, Frank Corrado, Tim Erixon - PP : Frank Corrado - PK : Nicolas Deslauriers, Tim Erixon
Penalty Shots
Tomas Fleischmann, Rickard Rakell, Taylor Beck, Richard Panik, Devante Smith-Pelly

Senators

5 vs 5 Forward 
   Center                   Left Wing                Right Wing               Time % Phy DF OF 
 1 Kyle Chipchura           Emerson Etem             Colton Orr               35     1   2  2  
 2 Martin St. Pierre        Josh Leivo               Daine Todd               30     1   2  2  
 3 Greg Nemisz              David Broll              Tyler Biggs              22     1   2  2  
 4 Kyle Chipchura           Mike Brown               Kenny Ryan               13     1   2  2  

5 vs 5 Defense 
   Defense                  Defense                                           Time % Phy DF OF 
 1 Connor Murphy            Korbinian Holzer                                  35     1   2  2  
 2 Greg Pateryn             Jesse Blacker                                     30     1   2  2  
 3 Alex Petrovic            Andrew MacWilliam                                 22     1   2  2  
 4 Steve Eminger            Greg Pateryn                                      13     1   2  2  

PowerPlay Forward 
   Center                   Left Wing                Right Wing               Time % Phy DF OF 
 1 Kyle Chipchura           Emerson Etem             Colton Orr               60     1   2  2  
 2 Martin St. Pierre        Josh Leivo               Daine Todd               40     1   2  2  

PowerPlay Defense
   Defense                  Defense                                           Time % Phy DF OF 
 1 Connor Murphy            Korbinian Holzer                                  60     1   2  2  
 2 Greg Pateryn             Jesse Blacker                                     40     1   2  2  

Penalty Kill 4 Players Forward 
   Center                   Wing                     Time % Phy DF OF 
 1 Josh Leivo               Kyle Chipchura           60     1   2  2  
 2 Colton Orr               Martin St. Pierre        40     1   2  2  

Penalty Kill 4 Players Defense
   Defense                  Defense                  Time % Phy DF OF 
 1 Alex Petrovic            Korbinian Holzer         60     1   2  2  
 2 Greg Pateryn             Jesse Blacker            40     1   2  2  

Penalty Kill - 3 Players Forward 
   Forward                                           Time % Phy DF OF 
 1 Colton Orr                                        60     1   2  2  
 2 Kyle Chipchura                                    40     1   2  2  

Penalty Kill - 3 Players Defense
   Defense                  Defense                  Time % Phy DF OF 
 1 Connor Murphy            Korbinian Holzer         60     1   2  2  
 2 Greg Pateryn             Jesse Blacker            40     1   2  2  

4 vs 4 Forward 
   Center                   Wing                     Time % Phy DF OF 
 1 Greg Nemisz              Kyle Chipchura           60     1   2  2  
 2 Colton Orr               Martin St. Pierre        40     1   2  2  

4 vs 4 Defense
   Defense                  Defense                  Time % Phy DF OF 
 1 Andrew MacWilliam        Korbinian Holzer         60     1   2  2  
 2 Greg Pateryn             Jesse Blacker            40     1   2  2  

Last Minutes Offensive
   Center                   Left Wing                Right Wing               Defense                  Defense                  
   Kyle Chipchura           Emerson Etem             Colton Orr               Connor Murphy            Korbinian Holzer         

Last Minutes Defensive
   Center                   Left Wing                Right Wing               Defense                  Defense                  
   Kyle Chipchura           Emerson Etem             Colton Orr               Connor Murphy            Korbinian Holzer         

Goaltenders
Starting : Jean-Francois Berube     
Backup : Cedrick Desjardins       

Extra Forwards
Normal : Greg Nemisz, Tyler Biggs, Kenny Ryan - PP : Greg Nemisz, Tyler Biggs - PK : Kenny Ryan
Extra Defensemen
Normal : Alex Petrovic, Andrew MacWilliam, Korbinian Holzer - PP : Alex Petrovic - PK : Andrew MacWilliam, Korbinian Holzer
Penalty Shots
Tyler Biggs, Kyle Chipchura, Colton Orr, Martin St. Pierre, Josh Leivo

% Time on Ice - Heat

Lines # - Real PCT - Wanted PCT - Time Play
Normal Forward
1 - 33% - 35% - 13:59
2 - 27% - 30% - 11:26
3 - 23% - 25% - 9:49
4 - 16% - 10% - 6:53
Normal Defense
1 - 34% - 35% - 14:22
2 - 31% - 30% - 13:16
3 - 32% - 25% - 13:17
4 - 3% - 10% - 1:12
PP Forward
1 - 49% - 50% - 4:38
2 - 51% - 50% - 4:54
PP Defense
1 - 50% - 50% - 4:47
2 - 50% - 50% - 4:45
PK Forward
1 - 57% - 50% - 4:33
2 - 43% - 50% - 3:23
PK Defense
1 - 58% - 50% - 4:34
2 - 42% - 50% - 3:22
PK3 Forward
1 - 0% - 50%
2 - 0% - 50%
PK3 Defense
1 - 0% - 50%
2 - 0% - 50%
44 Forward
1 - 0% - 50%
2 - 0% - 50%
44 Defense
1 - 0% - 50%
2 - 0% - 50%
Last Minute Offensive  - 0:00
Last Minute Defensive  - 0:25
Total
Forward - 60:00
Defense - 60:00

% Time on Ice - Senators

Lines # - Real PCT - Wanted PCT - Time Play
Normal Forward
1 - 27% - 35% - 11:30
2 - 30% - 30% - 12:38
3 - 28% - 22% - 11:57
4 - 15% - 13% - 6:27
Normal Defense
1 - 34% - 35% - 14:35
2 - 27% - 30% - 11:35
3 - 27% - 22% - 11:36
4 - 11% - 13% - 4:46
PP Forward
1 - 48% - 60% - 3:50
2 - 52% - 40% - 4:06
PP Defense
1 - 66% - 60% - 5:15
2 - 34% - 40% - 2:41
PK Forward
1 - 84% - 60% - 7:16
2 - 16% - 40% - 1:22
PK Defense
1 - 60% - 60% - 5:13
2 - 40% - 40% - 3:25
PK3 Forward
1 - 100% - 60% - 0:54
2 - 0% - 40% - 0:00
PK3 Defense
1 - 78% - 60% - 0:42
2 - 22% - 40% - 0:12
44 Forward
1 - 0% - 60%
2 - 0% - 40%
44 Defense
1 - 0% - 60%
2 - 0% - 40%
Last Minute Offensive  - 0:00
Last Minute Defensive  - 0:00
Total
Forward - 60:00
Defense - 60:00

Play by Play

1st period


0:01 of 1st period - Rickard Rakell wins face-off versus Kyle Chipchura in neutral zone.
1:10 of 1st period - Minor Penalty to Frank Corrado for Interference.
1:11 of 1st period - Taylor Beck wins face-off versus Martin St. Pierre in Heat zone.
1:23 of 1st period - Slapshot by Sergei Gonchar.
1:23 of 1st period - Stopped by Jean-Francois Berube without a rebound.
1:24 of 1st period - Marek Viedensky wins face-off versus Martin St. Pierre in Senators zone.
1:46 of 1st period - Jordan Caron is hit by Daine Todd and loses puck.
2:03 of 1st period - Emerson Etem is hit by Taylor Beck and loses puck.
2:49 of 1st period - Snap shot by Connor Murphy.
2:49 of 1st period - Shot Blocked by Sergei Gonchar.
2:51 of 1st period - Backhand shot by Connor Murphy.
2:51 of 1st period - Shot Misses the Net.
3:09 of 1st period - Slapshot by Emerson Etem.
3:09 of 1st period - Deflect By Colton Orr.
3:09 of 1st period - Shot Misses the Net.
3:09 of 1st period - Puck is out of play.
3:10 of 1st period - Penalty to Frank Corrado is over, Frank Corrado is back on ice.
3:10 of 1st period - Kyle Chipchura wins face-off versus Devante Smith-Pelly in Heat zone.
3:15 of 1st period - Snap shot by Emerson Etem.
3:15 of 1st period - Stopped by Tomas Vokoun with a rebound.
4:46 of 1st period - Josh Leivo is hit by Tim Erixon and loses puck.
5:32 of 1st period - Wrist shot by Steve Eminger.
5:32 of 1st period - Shot Blocked by Stuart Percy.
5:40 of 1st period - Steve Eminger is hit by Rickard Rakell and loses puck.
5:57 of 1st period - Emerson Etem is hit by Stuart Percy and loses puck.
8:30 of 1st period - Tim Erixon is hit by Daine Todd and loses puck.
8:43 of 1st period - Slapshot by Sergei Gonchar.
8:43 of 1st period - Shot Blocked by Connor Murphy.
8:53 of 1st period - Frank Corrado is hit by Emerson Etem and loses puck.
9:38 of 1st period - Wrist shot by Tomas Fleischmann.
9:38 of 1st period - Stopped by Jean-Francois Berube with a rebound.
10:27 of 1st period - Jon Merrill is hit by Colton Orr and loses puck.
10:40 of 1st period - Devante Smith-Pelly is hit by Jesse Blacker and loses puck.
10:56 of 1st period - Tomas Fleischmann is hit by Greg Pateryn and loses puck.
11:03 of 1st period - Snap shot by Josh Leivo.
11:03 of 1st period - Stopped by Tomas Vokoun without a rebound.
11:04 of 1st period - Martin St. Pierre wins face-off versus Rickard Rakell in Heat zone.
11:23 of 1st period - Nicolas Deslauriers is hit by Alex Petrovic and loses puck.
12:37 of 1st period - Icing by Josh Leivo.
12:38 of 1st period - Martin St. Pierre wins face-off versus Taylor Beck in Senators zone.
12:43 of 1st period - Slapshot by Sergei Gonchar.
12:43 of 1st period - Stopped by Jean-Francois Berube with a rebound.
13:53 of 1st period - Minor Penalty to Kenny Ryan for Interference.
13:54 of 1st period - Josh Leivo wins face-off versus Victor Rask in Senators zone.
14:21 of 1st period - Alex Petrovic is hit by Sven Baertschi and loses puck.
14:48 of 1st period - Korbinian Holzer is hit by Rickard Rakell and loses puck.
14:58 of 1st period - Minor Penalty to David Broll for Roughing.
14:59 of 1st period - Colton Orr wins face-off versus Rickard Rakell in Senators zone.
15:11 of 1st period - Slapshot by Tomas Fleischmann.
15:11 of 1st period - Shot Misses the Net.
15:21 of 1st period - Slapshot by Tomas Fleischmann.
15:21 of 1st period - Stopped by Jean-Francois Berube with a rebound.
15:53 of 1st period - Penalty to Kenny Ryan is over, Kenny Ryan is back on ice.
16:12 of 1st period - Josh Leivo is hit by Tomas Fleischmann and loses puck.
16:34 of 1st period - Sergei Gonchar is hit by Kenny Ryan and loses puck.
16:58 of 1st period - Penalty to David Broll is over, David Broll is back on ice.
16:59 of 1st period - Icing by Josh Leivo.
17:00 of 1st period - Rickard Rakell wins face-off versus Josh Leivo in Senators zone.
17:25 of 1st period - Backhand shot by Alex Petrovic.
17:25 of 1st period - Shot Blocked by Nicolas Deslauriers.
17:27 of 1st period - Backhand shot by Tyler Biggs.
17:27 of 1st period - Shot Blocked by Marek Viedensky.
17:29 of 1st period - Slapshot by Alex Petrovic.
17:29 of 1st period - Stopped by Tomas Vokoun with a rebound.
18:09 of 1st period - Tim Erixon is hit by Emerson Etem and loses puck.
18:50 of 1st period - Connor Murphy is hit by Sven Baertschi and loses puck.
Goals for this period are 0 for Heat vs 0 for Senators.
Shots for this period are 4 for Heat vs 3 for Senators.

2nd period


0:01 of 2nd period - Rickard Rakell wins face-off versus Kyle Chipchura in neutral zone.
0:48 of 2nd period - Wrist shot by Martin St. Pierre.
0:48 of 2nd period - Stopped by Tomas Vokoun with a rebound.
0:50 of 2nd period - Wrist shot by Josh Leivo.
0:50 of 2nd period - Stopped by Tomas Vokoun with a rebound.
1:04 of 2nd period - Snap shot by Josh Leivo.
1:04 of 2nd period - Stopped by Tomas Vokoun with a rebound.
1:10 of 2nd period - Slapshot by Sven Baertschi.
1:10 of 2nd period - Stopped by Jean-Francois Berube without a rebound.
1:11 of 2nd period - Victor Rask wins face-off versus Greg Nemisz in Senators zone.
1:19 of 2nd period - Slapshot by Sven Baertschi.
1:19 of 2nd period - Shot Misses the Net.
1:20 of 2nd period - David Broll and Tim Erixon fight to a draw.
1:20 of 2nd period - Penalty to David Broll for Fighting.
1:20 of 2nd period - Penalty to Tim Erixon for Fighting.
1:21 of 2nd period - Victor Rask wins face-off versus Kyle Chipchura in Senators zone.
1:32 of 2nd period - Snap shot by Devante Smith-Pelly.
1:32 of 2nd period - Stopped by Jean-Francois Berube without a rebound.
1:33 of 2nd period - Kyle Chipchura wins face-off versus Victor Rask in Senators zone.
1:46 of 2nd period - Backhand shot by Sven Baertschi.
1:46 of 2nd period - Shot Blocked by Colton Orr.
2:08 of 2nd period - Snap shot by Sven Baertschi.
2:08 of 2nd period - Stopped by Jean-Francois Berube without a rebound.
2:09 of 2nd period - Martin St. Pierre wins face-off versus Rickard Rakell in Senators zone.
2:09 of 2nd period - Martin St. Pierre is hit by Stuart Percy.
3:00 of 2nd period - Minor Penalty to Tyler Biggs for Tripping.
3:01 of 2nd period - Josh Leivo wins face-off versus Victor Rask in Senators zone.
3:11 of 2nd period - Frank Corrado is hit by Josh Leivo and loses puck.
3:24 of 2nd period - Snap shot by Devante Smith-Pelly.
3:24 of 2nd period - Goal by Devante Smith-Pelly - Heat : 1 - Senators : 0.
3:25 of 2nd period - Kyle Chipchura wins face-off versus Rickard Rakell in neutral zone.
4:09 of 2nd period - Icing by Greg Pateryn.
4:10 of 2nd period - Marek Viedensky wins face-off versus Kyle Chipchura in Senators zone.
4:21 of 2nd period - Wrist shot by Filip Forsberg.
4:21 of 2nd period - Shot Misses the Net.
4:58 of 2nd period - Minor Penalty to Nicolas Deslauriers for Roughing.
4:59 of 2nd period - Taylor Beck wins face-off versus Martin St. Pierre in Heat zone.
5:54 of 2nd period - Slapshot by Sergei Gonchar.
5:54 of 2nd period - Shot Misses the Net.
6:20 of 2nd period - Penalty to Tim Erixon is over, Tim Erixon is back on ice.
6:28 of 2nd period - Slapshot by Sergei Gonchar.
6:28 of 2nd period - Stopped by Jean-Francois Berube without a rebound.
6:29 of 2nd period - Kyle Chipchura wins face-off versus Marek Viedensky in Senators zone.
6:58 of 2nd period - Penalty to Nicolas Deslauriers is over, Nicolas Deslauriers is back on ice.
7:47 of 2nd period - Snap shot by Greg Nemisz.
7:47 of 2nd period - Shot Blocked by Tomas Fleischmann.
8:02 of 2nd period - Stuart Percy is hit by Andrew MacWilliam and loses puck.
8:15 of 2nd period - Icing by Mike Brown.
8:16 of 2nd period - Kyle Chipchura wins face-off versus Victor Rask in Senators zone.
8:16 of 2nd period - Kyle Chipchura is hit by Sergei Gonchar.
8:34 of 2nd period - Minor Penalty to Sven Baertschi for Hooking.
8:35 of 2nd period - Kyle Chipchura wins face-off versus Marek Viedensky in Heat zone.
8:48 of 2nd period - Lucas Lessio is hit by Colton Orr and loses puck.
9:44 of 2nd period - Sergei Gonchar is hit by Colton Orr.
9:56 of 2nd period - Nicolas Deslauriers is hit by Daine Todd and loses puck.
10:07 of 2nd period - Snap shot by Martin St. Pierre.
10:07 of 2nd period - Stopped by Tomas Vokoun without a rebound.
10:08 of 2nd period - Martin St. Pierre wins face-off versus Marek Viedensky in Heat zone.
10:31 of 2nd period - Slapshot by Jon Merrill.
10:31 of 2nd period - Stopped by Jean-Francois Berube with a rebound.
10:34 of 2nd period - Penalty to Sven Baertschi is over, Sven Baertschi is back on ice.
11:01 of 2nd period - Wrist shot by Tomas Fleischmann.
11:01 of 2nd period - Stopped by Jean-Francois Berube without a rebound.
11:02 of 2nd period - Martin St. Pierre wins face-off versus Rickard Rakell in Senators zone.
11:15 of 2nd period - Wrist shot by Tomas Fleischmann.
11:15 of 2nd period - Stopped by Jean-Francois Berube with a rebound.
11:17 of 2nd period - Slapshot by Jon Merrill.
11:17 of 2nd period - Stopped by Jean-Francois Berube with a rebound.
12:17 of 2nd period - Snap shot by Mike Brown.
12:17 of 2nd period - Stopped by Tomas Vokoun with a rebound.
12:19 of 2nd period - Wrist shot by Connor Murphy.
12:19 of 2nd period - Stopped by Tomas Vokoun without a rebound.
12:20 of 2nd period - Greg Nemisz wins face-off versus Marek Viedensky in Heat zone.
12:26 of 2nd period - Minor Penalty to Greg Nemisz for Roughing.
12:27 of 2nd period - Victor Rask wins face-off versus Josh Leivo in Senators zone.
12:31 of 2nd period - Snap shot by Devante Smith-Pelly.
12:31 of 2nd period - Shot Misses the Net.
12:33 of 2nd period - Slapshot by Frank Corrado.
12:33 of 2nd period - Shot Misses the Net.
12:35 of 2nd period - Wrist shot by Devante Smith-Pelly.
12:35 of 2nd period - Shot Blocked by Alex Petrovic.
12:55 of 2nd period - Snap shot by Devante Smith-Pelly.
12:55 of 2nd period - Stopped by Jean-Francois Berube with a rebound.
12:57 of 2nd period - Snap shot by Sergei Gonchar.
12:57 of 2nd period - Stopped by Jean-Francois Berube with a rebound.
12:59 of 2nd period - Wrist shot by Sven Baertschi.
12:59 of 2nd period - Stopped by Jean-Francois Berube with a rebound.
13:03 of 2nd period - Snap shot by Victor Rask.
13:03 of 2nd period - Stopped by Jean-Francois Berube with a rebound.
13:05 of 2nd period - Wrist shot by Victor Rask.
13:05 of 2nd period - Shot Blocked by Korbinian Holzer.
13:21 of 2nd period - Greg Pateryn is hit by Richard Panik and loses puck.
14:14 of 2nd period - Colton Orr is hit by Rickard Rakell and loses puck.
14:26 of 2nd period - Penalty to Greg Nemisz is over, Greg Nemisz is back on ice.
14:48 of 2nd period - Alex Petrovic is hit by Frank Corrado and loses puck.
15:11 of 2nd period - Wrist shot by Steve Eminger.
15:11 of 2nd period - Stopped by Tomas Vokoun with a rebound.
15:13 of 2nd period - Slapshot by Steve Eminger.
15:13 of 2nd period - Deflect By Nikita Kucherov.
15:13 of 2nd period - Stopped by Tomas Vokoun with a rebound.
15:37 of 2nd period - Slapshot by Josh Leivo.
15:37 of 2nd period - Shot Misses the Net.
15:51 of 2nd period - Snap shot by Jordan Caron.
15:51 of 2nd period - Shot Misses the Net.
15:53 of 2nd period - Snap shot by Taylor Beck.
15:53 of 2nd period - Stopped by Jean-Francois Berube with a rebound.
15:55 of 2nd period - Wrist shot by Taylor Beck.
15:55 of 2nd period - Shot Misses the Net.
15:57 of 2nd period - Snap shot by Jordan Caron.
15:57 of 2nd period - Shot Blocked by Josh Leivo.
16:15 of 2nd period - Alex Petrovic is hit by Nicolas Deslauriers and loses puck.
16:22 of 2nd period - Jesse Blacker is hit by Nicolas Deslauriers.
16:36 of 2nd period - Snap shot by Emerson Etem.
16:36 of 2nd period - Shot Misses the Net.
16:38 of 2nd period - Wrist shot by Colton Orr.
16:38 of 2nd period - Deflect By Emerson Etem.
16:38 of 2nd period - Stopped by Tomas Vokoun with a rebound.
16:53 of 2nd period - Icing by Alex Petrovic.
16:54 of 2nd period - Kyle Chipchura wins face-off versus Rickard Rakell in Senators zone.
16:56 of 2nd period - Icing by Mike Brown.
16:57 of 2nd period - Kyle Chipchura wins face-off versus Rickard Rakell in Senators zone.
17:59 of 2nd period - Wrist shot by Greg Nemisz.
17:59 of 2nd period - Shot Blocked by Jon Merrill.
18:20 of 2nd period - Slapshot by Sergei Gonchar.
18:20 of 2nd period - Stopped by Jean-Francois Berube with a rebound.
18:22 of 2nd period - Slapshot by Frank Corrado.
18:22 of 2nd period - Deflect By Martin St. Pierre.
18:22 of 2nd period - Stopped by Jean-Francois Berube with a rebound.
18:24 of 2nd period - Slapshot by Frank Corrado.
18:24 of 2nd period - Shot Misses the Net.
18:32 of 2nd period - Sergei Gonchar is hit by Connor Murphy and loses puck.
18:41 of 2nd period - Daine Todd is hit by Taylor Beck and loses puck.
18:46 of 2nd period - Slapshot by Sergei Gonchar.
18:46 of 2nd period - Stopped by Jean-Francois Berube with a rebound.
18:48 of 2nd period - Snap shot by Taylor Beck.
18:48 of 2nd period - Stopped by Jean-Francois Berube without a rebound.
18:49 of 2nd period - Victor Rask wins face-off versus Greg Nemisz in Senators zone.
19:04 of 2nd period - Snap shot by Devante Smith-Pelly.
19:04 of 2nd period - Shot Misses the Net.
19:06 of 2nd period - Slapshot by Frank Corrado.
19:06 of 2nd period - Shot Misses the Net.
19:08 of 2nd period - Wrist shot by Victor Rask.
19:08 of 2nd period - Stopped by Jean-Francois Berube with a rebound.
19:24 of 2nd period - Minor Penalty to Colton Orr for Slashing.
19:25 of 2nd period - Rickard Rakell wins face-off versus Josh Leivo in Senators zone.
19:30 of 2nd period - Snap shot by Richard Panik.
19:30 of 2nd period - Stopped by Jean-Francois Berube with a rebound.
19:32 of 2nd period - Slapshot by Jon Merrill.
19:32 of 2nd period - Deflect By Alex Petrovic.
19:32 of 2nd period - Stopped by Jean-Francois Berube without a rebound.
19:33 of 2nd period - Josh Leivo wins face-off versus Rickard Rakell in Senators zone.
Goals for this period are 1 for Heat vs 0 for Senators.
Shots for this period are 21 for Heat vs 9 for Senators.

3rd period


0:01 of 3rd period - Josh Leivo wins face-off versus Rickard Rakell in neutral zone.
0:14 of 3rd period - Snap shot by Kyle Chipchura.
0:14 of 3rd period - Stopped by Tomas Vokoun with a rebound.
0:26 of 3rd period - Wrist shot by Tomas Fleischmann.
0:26 of 3rd period - Shot Misses the Net.
0:28 of 3rd period - Slapshot by Jon Merrill.
0:28 of 3rd period - Deflect By Tomas Fleischmann.
0:28 of 3rd period - Shot Blocked by Alex Petrovic.
0:28 of 3rd period - Puck is out of play.
0:29 of 3rd period - Victor Rask wins face-off versus Josh Leivo in Senators zone.
0:30 of 3rd period - Wrist shot by Sven Baertschi.
0:30 of 3rd period - Deflect By Devante Smith-Pelly.
0:30 of 3rd period - Shot Misses the Net.
0:30 of 3rd period - Puck is out of play.
0:31 of 3rd period - Devante Smith-Pelly wins face-off versus Josh Leivo in Senators zone.
1:24 of 3rd period - Penalty to Colton Orr is over, Colton Orr is back on ice.
1:37 of 3rd period - Slapshot by Greg Nemisz.
1:37 of 3rd period - Stopped by Tomas Vokoun with a rebound.
1:51 of 3rd period - Tyler Biggs is hit by Rickard Rakell and loses puck.
2:04 of 3rd period - Frank Corrado is hit by David Broll and loses puck.
3:07 of 3rd period - Snap shot by Nikita Kucherov.
3:07 of 3rd period - Stopped by Jean-Francois Berube with a rebound.
4:03 of 3rd period - Minor Penalty to Jordan Caron for Hooking.
4:04 of 3rd period - Martin St. Pierre wins face-off versus Marek Viedensky in Heat zone.
4:15 of 3rd period - Lucas Lessio is hit by Martin St. Pierre and loses puck.
4:28 of 3rd period - Connor Murphy is hit by Lucas Lessio and loses puck.
5:12 of 3rd period - Icing by Colton Orr.
5:13 of 3rd period - Lucas Lessio wins face-off versus Martin St. Pierre in Senators zone.
6:03 of 3rd period - Penalty to Jordan Caron is over, Jordan Caron is back on ice.
6:03 of 3rd period - Jon Merrill is hit by Josh Leivo and loses puck.
6:12 of 3rd period - Snap shot by Martin St. Pierre.
6:12 of 3rd period - Shot Misses the Net.
6:44 of 3rd period - Backhand shot by Greg Pateryn.
6:44 of 3rd period - Shot Misses the Net.
6:46 of 3rd period - Snap shot by Greg Pateryn.
6:46 of 3rd period - Deflect By Greg Nemisz.
6:46 of 3rd period - Stopped by Tomas Vokoun with a rebound.
6:48 of 3rd period - Backhand shot by Greg Pateryn.
6:48 of 3rd period - Stopped by Tomas Vokoun with a rebound.
6:50 of 3rd period - Wrist shot by Greg Nemisz.
6:50 of 3rd period - Stopped by Tomas Vokoun without a rebound.
6:51 of 3rd period - Greg Nemisz wins face-off versus Marek Viedensky in Heat zone.
6:58 of 3rd period - Wrist shot by David Broll.
6:58 of 3rd period - Shot Misses the Net.
7:00 of 3rd period - Slapshot by Alex Petrovic.
7:00 of 3rd period - Stopped by Tomas Vokoun with a rebound.
7:02 of 3rd period - Slapshot by Andrew MacWilliam.
7:02 of 3rd period - Goal by Andrew MacWilliam - Heat : 1 - Senators : 1.
7:03 of 3rd period - Victor Rask wins face-off versus Greg Nemisz in neutral zone.
7:38 of 3rd period - Snap shot by Devante Smith-Pelly.
7:38 of 3rd period - Shot Misses the Net.
9:09 of 3rd period - Wrist shot by Nikita Kucherov.
9:09 of 3rd period - Shot Blocked by Tyler Biggs.
9:13 of 3rd period - Slapshot by Nikita Kucherov.
9:13 of 3rd period - Shot Blocked by David Broll.
9:15 of 3rd period - Slapshot by Jon Merrill.
9:15 of 3rd period - Shot Misses the Net.
9:17 of 3rd period - Snap shot by Tim Erixon.
9:17 of 3rd period - Shot Misses the Net.
9:31 of 3rd period - Tim Erixon is hit by Connor Murphy and loses puck.
11:24 of 3rd period - Icing by Josh Leivo.
11:25 of 3rd period - Marek Viedensky wins face-off versus Martin St. Pierre in Senators zone.
12:31 of 3rd period - Greg Nemisz is hit by Jordan Caron and loses puck.
12:49 of 3rd period - Lucas Lessio is hit by Mike Brown.
13:45 of 3rd period - Frank Corrado is hit by Andrew MacWilliam and loses puck.
14:04 of 3rd period - Slapshot by Filip Forsberg.
14:04 of 3rd period - Shot Blocked by David Broll.
14:06 of 3rd period - Slapshot by Frank Corrado.
14:06 of 3rd period - Stopped by Jean-Francois Berube without a rebound.
14:07 of 3rd period - Martin St. Pierre wins face-off versus Rickard Rakell in Senators zone.
14:07 of 3rd period - Martin St. Pierre is hit by Richard Panik.
14:10 of 3rd period - Minor Penalty to Greg Pateryn for Hooking.
14:11 of 3rd period - Rickard Rakell wins face-off versus Josh Leivo in Senators zone.
15:25 of 3rd period - Slapshot by Sergei Gonchar.
15:25 of 3rd period - Stopped by Jean-Francois Berube with a rebound.
15:27 of 3rd period - Snap shot by Victor Rask.
15:27 of 3rd period - Stopped by Jean-Francois Berube with a rebound.
15:29 of 3rd period - Backhand shot by Devante Smith-Pelly.
15:29 of 3rd period - Shot Misses the Net.
16:01 of 3rd period - Snap shot by Devante Smith-Pelly.
16:01 of 3rd period - Stopped by Jean-Francois Berube with a rebound.
16:03 of 3rd period - Snap shot by Sven Baertschi.
16:03 of 3rd period - Shot Misses the Net.
16:05 of 3rd period - Wrist shot by Tim Erixon.
16:05 of 3rd period - Shot Misses the Net.
16:07 of 3rd period - Slapshot by Tim Erixon.
16:07 of 3rd period - Deflect By Sven Baertschi.
16:07 of 3rd period - Goal by Sven Baertschi - Heat : 2 - Senators : 1.
16:08 of 3rd period - Greg Nemisz wins face-off versus Marek Viedensky in neutral zone.
16:31 of 3rd period - Snap shot by Greg Nemisz.
16:31 of 3rd period - Shot Misses the Net.
16:33 of 3rd period - Snap shot by Greg Pateryn.
16:33 of 3rd period - Shot Misses the Net.
16:35 of 3rd period - Slapshot by Greg Pateryn.
16:35 of 3rd period - Deflect By Filip Forsberg.
16:35 of 3rd period - Stopped by Tomas Vokoun with a rebound.
16:37 of 3rd period - Backhand shot by Tyler Biggs.
16:37 of 3rd period - Shot Misses the Net.
16:39 of 3rd period - Wrist shot by Jesse Blacker.
16:39 of 3rd period - Shot Blocked by Marek Viedensky.
17:34 of 3rd period - Snap shot by Sergei Gonchar.
17:34 of 3rd period - Deflect By Lucas Lessio.
17:34 of 3rd period - Shot Misses the Net.
17:34 of 3rd period - Puck is out of play.
17:35 of 3rd period - Victor Rask wins face-off versus Martin St. Pierre in Senators zone.
17:58 of 3rd period - Connor Murphy is hit by Devante Smith-Pelly and loses puck.
18:29 of 3rd period - Alex Petrovic is hit by Rickard Rakell and loses puck.
18:36 of 3rd period - Wrist shot by Tomas Fleischmann.
18:36 of 3rd period - Deflect By Richard Panik.
18:36 of 3rd period - Shot Misses the Net.
18:36 of 3rd period - Puck is out of play.
18:37 of 3rd period - Rickard Rakell wins face-off versus Daine Todd in Senators zone.
18:43 of 3rd period - Snap shot by Rickard Rakell.
18:43 of 3rd period - Shot Misses the Net.
18:45 of 3rd period - Wrist shot by Sergei Gonchar.
18:45 of 3rd period - Stopped by Jean-Francois Berube without a rebound.
18:46 of 3rd period - Brent Sutter call a timeout for Senators.
18:46 of 3rd period - Rickard Rakell wins face-off versus Martin St. Pierre in Senators zone.
19:35 of 3rd period - Icing by Josh Leivo.
19:36 of 3rd period - Victor Rask wins face-off versus Martin St. Pierre in Senators zone.
19:50 of 3rd period - Minor Penalty to Korbinian Holzer for Tripping.
19:51 of 3rd period - Victor Rask wins face-off versus Josh Leivo in Senators zone.
Goals for this period are 1 for Heat vs 1 for Senators.
Shots for this period are 7 for Heat vs 8 for Senators.


Output by the SimonT Hockey Simulator (STHS) for Eric Dolegowski -- Original Page W3C XHTML 1.0 Valid
Hockey Simulator - Hockey Simulation - Hockey Manager